Espoo Blues vs Long Beach Ice Dogs
Created - Sunday, June 18, 2023 at 07:02
Goals
|
| Espoo Blues |
1 |
4 |
0 |
5 |
| Long Beach Ice Dogs |
0 |
0 |
0 |
0 |
|
Shots
|
| Espoo Blues |
12 |
22 |
2 |
36 |
| Long Beach Ice Dogs |
9 |
8 |
3 |
20 |
|
1st period
1. Espoo Blues , Patric Hornqvist 23 (Michael Stone 40, Fredrik Karlstrom 7) at 19:00
Penalties :
Mathieu Olivier (TRM) for Fighting (Major) at 1:31, Logan O'Connor (ESP) for Fighting (Major) at 1:31, Mathieu Olivier (TRM) for instigated a fight (Minor) at 1:31, Mathieu Olivier (TRM) for instigated and being the aggresor in a fight (20 Minutes Game Misconduct) at 1:31, Dysin Mayo (TRM) for Tripping (Minor) at 4:11, Fredrik Karlstrom (ESP) for Slashing (Minor) at 10:50, Patric Hornqvist (ESP) for Hooking (Minor) at 15:13
2nd period
2. Espoo Blues , Stefan Noesen 60 (Cam York 21, Derick Brassard 79) at 1:45 (PP)
3. Espoo Blues , Brendan Lemieux 21 (Derek Grant 42, Chad Ruhwedel 21) at 1:57
4. Espoo Blues , Brendan Lemieux 22 (Stefan Noesen 64, Derek Grant 43) at 10:14
5. Espoo Blues , Joe Snively 26 (Mattias Samuelsson 33, Derick Brassard 80) at 12:01
Penalties :
Zack Kassian (TRM) for Roughing (Minor) at 0:56, Riley Stillman (TRM) for Holding (Minor) at 3:24, Zack Kassian (TRM) for Fighting (Major) at 13:16, Brendan Lemieux (ESP) for Fighting (Major) at 13:16, Brendan Lemieux (ESP) for instigated a fight (Minor) at 13:16, Brendan Lemieux (ESP) for instigated a fight (10 Minutes Misconduct) at 13:16, Zack Kassian (TRM) for Hooking (Minor) at 18:58
3rd period
No Goal
Penalties :
Michael Stone (ESP) for Tripping (Minor) at 3:25, Brendan Lemieux (ESP) for Hooking (Minor) at 8:52
Goalie Stats
Spencer Knight (ESP), 20 saves from 20 shots - (1.000), W, 27-13-3, 60:00 minutes
Akira Schmid (TRM), 31 saves from 36 shots - (0.861), L, 3-3-0, 60:00 minutes
Players Stats for Espoo Blues
Player Name G A P +/- PIM S H SB GA TA FO MP PP MP PK MP
------------------------------------------------------------------------------------
Anton Blidh 0 0 0 1 0 2 2 0 0 0 0/0 10:06 0:10 0:00
Brendan Lemieux 2 0 2 2 19 5 2 0 0 0 1/1 12:51 3:10 0:00
Cam York 0 1 1 1 0 1 0 0 0 3 0/0 21:20 2:34 4:24
Chad Ruhwedel 0 1 1 1 0 1 1 2 0 0 0/0 21:03 2:34 4:35
Derek Grant 0 2 2 2 0 2 3 0 0 0 8/15 20:25 3:32 5:13
Derick Brassard 0 2 2 1 0 5 0 0 1 0 13/23 20:41 5:13 4:04
Fredrik Karlstrom 0 1 1 1 2 0 3 0 0 0 2/5 13:07 0:00 0:21
Gavin Bayreuther 0 0 0 0 0 1 0 0 0 2 0/0 12:18 0:00 0:29
Joe Snively 1 0 1 1 0 3 3 0 0 0 0/1 19:53 5:13 0:32
Logan O'Connor 0 0 0 1 5 3 2 1 1 1 0/2 17:13 0:00 5:22
Mattias Janmark 0 0 0 0 0 0 1 0 0 0 0/0 5:55 0:22 4:07
Mattias Samuelsson 0 1 1 3 0 2 0 0 0 2 0/0 27:25 6:11 5:20
Michael Stone 0 1 1 3 2 3 2 0 1 1 0/0 27:09 6:11 3:29
Patric Hornqvist 1 0 1 1 2 3 1 1 0 0 0/0 13:17 3:32 0:00
Ridly Greig 0 0 0 0 0 0 1 0 0 0 0/0 7:11 0:00 0:00
Stefan Noesen 1 1 2 2 0 5 5 0 0 0 1/1 19:19 5:03 0:00
Urho Vaakanainen 0 0 0 0 0 0 1 0 0 0 0/0 13:24 0:00 1:33
Viktor Lodin 0 0 0 0 0 0 0 0 0 0 0/1 7:22 0:00 0:11
Players Stats for Long Beach Ice Dogs
Player Name G A P +/- PIM S H SB GA TA FO MP PP MP PK MP
------------------------------------------------------------------------------------
Alex Galchenyuk 0 0 0 -3 0 0 3 1 0 0 1/1 17:17 4:37 0:18
Brendan Gallagher 0 0 0 -1 0 2 0 0 2 0 3/6 22:06 5:05 4:22
Darren Helm 0 0 0 -1 0 4 0 1 0 0 0/1 20:30 5:11 4:22
Dysin Mayo 0 0 0 -1 2 1 4 0 0 1 0/0 23:31 5:48 3:15
Gabriel Vilardi 0 0 0 -1 0 3 2 1 6 0 12/23 20:34 5:11 4:05
Janis Moser 0 0 0 -2 0 1 1 0 0 0 0/0 27:27 4:07 4:27
Jansen Harkins 0 0 0 0 0 2 0 2 0 0 0/0 10:50 0:00 0:00
Jujhar Khaira 0 0 0 0 0 1 3 0 0 0 3/5 11:37 0:40 0:00
Justin Schultz 0 0 0 -1 0 1 2 3 0 0 0/0 24:57 5:48 4:23
Logan Brown 0 0 0 0 0 2 2 0 1 0 2/3 11:06 0:00 0:18
Mathieu Olivier 0 0 0 0 27 0 0 0 0 0 0/0 0:17 0:00 0:00
Olli Juolevi 0 0 0 -2 0 0 0 1 0 1 0/0 17:14 0:00 2:15
Riley Stillman 0 0 0 -2 2 0 3 2 0 0 0/0 22:16 4:07 3:10
Shane Bowers 0 0 0 0 0 0 1 0 0 0 0/0 14:13 0:38 0:00
Trey Fix-Wolansky 0 0 0 0 0 2 1 0 0 0 1/1 8:54 0:00 0:00
Victor Rask 0 0 0 -3 0 0 1 1 0 1 2/9 21:04 4:37 4:05
William Lagesson 0 0 0 0 0 0 1 0 0 0 0/0 2:08 0:00 0:00
Zack Kassian 0 0 0 -3 9 1 3 0 0 0 0/0 15:08 3:46 0:00
3 Stars
1 - Stefan Noesen (ESP)
2 - Spencer Knight (ESP)
3 - Derek Grant (ESP)
Power Play
Espoo Blues - 1 on 5 Attempt(s) - 20.00%
Long Beach Ice Dogs - 0 on 5 Attempt(s) - 0.00%
Penalty Kill
Espoo Blues - 5 on 5 Attempt(s) - 100.00%
- Score 0 goal in Penalty Kill
Long Beach Ice Dogs - 4 on 5 Attempt(s) - 80.00%
- Score 0 goal in Penalty Kill
Team Stat
Espoo Blues - Hits : 27 - Faceoff Wins : 25 - Blocked Shots : 4 - Penalty Minutes : 30
Long Beach Ice Dogs - Hits : 27 - Faceoff Wins : 24 - Blocked Shots : 12 - Penalty Minutes : 40
Official
Referees : Ian Walsh and Chris Rooney
Linesman : Mark Shewchyk and Ryan Gibbons
Game Notes
Mathieu Olivier and Logan O'Connor fight to a draw at 1:31 of 1st period
Mathieu Olivier ejected from game at 1:31 of 1st period
William Lagesson is injured at 13:22 of 1st period (Sprained Left Finger)
0:34 of 2nd period - Espoo Blues goal is going for a video replay. After video review, No Goal. The puck has been kicked using a distinct kicking motion.
Brendan Lemieux beats up Zack Kassian at 13:16 of 2nd period
Espoo Blues
5 vs 5 Forward
Center Left Wing Right Wing Time % Phy DF OF
1 Derick Brassard Joe Snively Logan O'Connor 37 1 1 2
2 Derek Grant Brendan Lemieux Stefan Noesen 36 1 2 2
3 Fredrik Karlstrom Anton Blidh Patric Hornqvist 22 1 2 2
4 Viktor Lodin Ridly Greig Stefan Noesen 5 1 2 2
5 vs 5 Defense
Defense Defense Time % Phy DF OF
1 Mattias Samuelsson Michael Stone 41 1 2 2
2 Chad Ruhwedel Cam York 32 1 2 2
3 Urho Vaakanainen Gavin Bayreuther 20 1 2 2
4 Mattias Samuelsson Cam York 7 1 2 2
PowerPlay Forward
Center Left Wing Right Wing Time % Phy DF OF
1 Derick Brassard Joe Snively Stefan Noesen 62 1 2 2
2 Derek Grant Brendan Lemieux Patric Hornqvist 38 1 2 2
PowerPlay Defense
Defense Defense Time % Phy DF OF
1 Mattias Samuelsson Michael Stone 60 1 2 2
2 Chad Ruhwedel Cam York 40 1 2 2
Penalty Kill 4 Players Forward
Center Wing Time % Phy DF OF
1 Derek Grant Logan O'Connor 60 1 2 2
2 Derick Brassard Mattias Janmark 40 1 2 2
Penalty Kill 4 Players Defense
Defense Defense Time % Phy DF OF
1 Mattias Samuelsson Michael Stone 60 1 2 2
2 Chad Ruhwedel Cam York 40 1 2 2
Penalty Kill - 3 Players Forward
Forward Time % Phy DF OF
1 Derek Grant 60 1 2 2
2 Derick Brassard 40 1 2 2
Penalty Kill - 3 Players Defense
Defense Defense Time % Phy DF OF
1 Mattias Samuelsson Michael Stone 60 1 2 2
2 Chad Ruhwedel Cam York 40 1 2 2
4 vs 4 Forward
Center Wing Time % Phy DF OF
1 Derek Grant Stefan Noesen 60 1 2 2
2 Derick Brassard Joe Snively 40 1 2 2
4 vs 4 Defense
Defense Defense Time % Phy DF OF
1 Mattias Samuelsson Michael Stone 60 1 2 2
2 Chad Ruhwedel Cam York 40 1 2 2
Last Minutes Offensive
Center Left Wing Right Wing Defense Defense
Derek Grant Joe Snively Stefan Noesen Mattias Samuelsson Michael Stone
Last Minutes Defensive
Center Left Wing Right Wing Defense Defense
Derek Grant Derick Brassard Logan O'Connor Mattias Samuelsson Michael Stone
Goaltenders
Starting : Spencer Knight
Backup : Stuart Skinner
Extra Forwards
Normal : Stefan Noesen, Joe Snively, Derick Brassard - PP : Stefan Noesen, Joe Snively - PK : Logan O'Connor
Extra Defensemen
Normal : Cam York, Mattias Samuelsson, Michael Stone - PP : Michael Stone - PK : Urho Vaakanainen, Gavin Bayreuther
Penalty Shots
Stefan Noesen, Patric Hornqvist, Joe Snively, Brendan Lemieux, Viktor Lodin
Long Beach Ice Dogs
5 vs 5 Forward
Center Left Wing Right Wing Time % Phy DF OF
1 Gabriel Vilardi Darren Helm Brendan Gallagher 30 1 2 2
2 Victor Rask Alex Galchenyuk Zack Kassian 30 1 2 2
3 Jujhar Khaira Jansen Harkins Mathieu Olivier 25 1 2 2
4 Logan Brown Shane Bowers Trey Fix-Wolansky 15 1 2 2
5 vs 5 Defense
Defense Defense Time % Phy DF OF
1 Dysin Mayo Justin Schultz 35 1 2 2
2 Riley Stillman Janis Moser 35 1 2 2
3 William Lagesson Olli Juolevi 30 1 2 2
4 Dysin Mayo Justin Schultz 0 1 2 2
PowerPlay Forward
Center Left Wing Right Wing Time % Phy DF OF
1 Gabriel Vilardi Darren Helm Brendan Gallagher 50 1 2 2
2 Victor Rask Alex Galchenyuk Zack Kassian 50 1 2 2
PowerPlay Defense
Defense Defense Time % Phy DF OF
1 Dysin Mayo Justin Schultz 50 1 2 2
2 Riley Stillman Janis Moser 50 1 2 2
Penalty Kill 4 Players Forward
Center Wing Time % Phy DF OF
1 Brendan Gallagher Darren Helm 50 1 2 2
2 Gabriel Vilardi Victor Rask 50 1 2 2
Penalty Kill 4 Players Defense
Defense Defense Time % Phy DF OF
1 Dysin Mayo Justin Schultz 50 1 2 2
2 Riley Stillman Janis Moser 50 1 2 2
Penalty Kill - 3 Players Forward
Forward Time % Phy DF OF
1 Brendan Gallagher 50 1 2 2
2 Darren Helm 50 1 2 2
Penalty Kill - 3 Players Defense
Defense Defense Time % Phy DF OF
1 Dysin Mayo Justin Schultz 50 1 2 2
2 Riley Stillman Janis Moser 50 1 2 2
4 vs 4 Forward
Center Wing Time % Phy DF OF
1 Brendan Gallagher Darren Helm 50 1 2 2
2 Gabriel Vilardi Victor Rask 50 1 2 2
4 vs 4 Defense
Defense Defense Time % Phy DF OF
1 Dysin Mayo Justin Schultz 50 1 2 2
2 Riley Stillman Janis Moser 50 1 2 2
Last Minutes Offensive
Center Left Wing Right Wing Defense Defense
Gabriel Vilardi Darren Helm Brendan Gallagher Dysin Mayo Justin Schultz
Last Minutes Defensive
Center Left Wing Right Wing Defense Defense
Gabriel Vilardi Darren Helm Brendan Gallagher Dysin Mayo Justin Schultz
Goaltenders
Starting : Akira Schmid
Backup : Ilya Konovalov
Extra Forwards
Normal : Shane Bowers, Jujhar Khaira, Logan Brown - PP : Shane Bowers, Jujhar Khaira - PK : Logan Brown
Extra Defensemen
Normal : William Lagesson, Olli Juolevi, Riley Stillman - PP : William Lagesson - PK : Olli Juolevi, Riley Stillman
Penalty Shots
Brendan Gallagher, Darren Helm, Gabriel Vilardi, Victor Rask, Alex Galchenyuk
% Time on Ice - Espoo Blues
Lines # - Real PCT - Wanted PCT - Time Play
Normal Forward
1 - 31% - 37% - 12:52
2 - 28% - 36% - 11:40
3 - 23% - 22% - 9:37
4 - 17% - 5% - 7:11
Normal Defense
1 - 35% - 41% - 14:40
2 - 30% - 32% - 12:31
3 - 30% - 20% - 12:34
4 - 4% - 7% - 1:35
PP Forward
1 - 60% - 62% - 5:13
2 - 40% - 38% - 3:32
PP Defense
1 - 71% - 60% - 6:11
2 - 29% - 40% - 2:34
PK Forward
1 - 74% - 60% - 7:22
2 - 26% - 40% - 2:33
PK Defense
1 - 56% - 60% - 5:31
2 - 44% - 40% - 4:24
PK3 Forward
1 - 0% - 60%
2 - 0% - 40%
PK3 Defense
1 - 0% - 60%
2 - 0% - 40%
44 Forward
1 - 0% - 60%
2 - 0% - 40%
44 Defense
1 - 0% - 60%
2 - 0% - 40%
Last Minute Offensive - 0:00
Last Minute Defensive - 0:00
Total
Forward - 60:00
Defense - 60:00
|
% Time on Ice - Long Beach Ice Dogs
Lines # - Real PCT - Wanted PCT - Time Play
Normal Forward
1 - 21% - 30% - 8:43
2 - 26% - 30% - 10:43
3 - 35% - 25% - 14:31
4 - 18% - 15% - 7:23
Normal Defense
1 - 28% - 35% - 11:25
2 - 26% - 35% - 10:37
3 - 47% - 30% - 19:18
4 - 0% - 0% - 0:00
PP Forward
1 - 50% - 50% - 4:58
2 - 50% - 50% - 4:57
PP Defense
1 - 58% - 50% - 5:48
2 - 42% - 50% - 4:07
PK Forward
1 - 50% - 50% - 4:22
2 - 50% - 50% - 4:23
PK Defense
1 - 50% - 50% - 4:23
2 - 50% - 50% - 4:22
PK3 Forward
1 - 0% - 50%
2 - 0% - 50%
PK3 Defense
1 - 0% - 50%
2 - 0% - 50%
44 Forward
1 - 0% - 50%
2 - 0% - 50%
44 Defense
1 - 0% - 50%
2 - 0% - 50%
Last Minute Offensive - 0:00
Last Minute Defensive - 0:00
Total
Forward - 60:00
Defense - 60:00
|
Play-by-Play
1st period
0:01 of 1st period - Gabriel Vilardi wins face-off versus Derick Brassard in neutral zone.
0:26 of 1st period - Dysin Mayo is hit by Derek Grant and loses puck.
0:47 of 1st period - Snap shot by Trey Fix-Wolansky.
0:47 of 1st period - Stopped by Spencer Knight without a rebound.
0:48 of 1st period - Fredrik Karlstrom wins face-off versus Logan Brown in Espoo Blues zone.
0:53 of 1st period - Anton Blidh is hit by Logan Brown and loses puck.
1:16 of 1st period - Wrist shot by Derick Brassard.
1:16 of 1st period - Stopped by Akira Schmid without a rebound.
1:17 of 1st period - Jujhar Khaira wins face-off versus Derick Brassard in Long Beach Ice Dogs zone.
1:28 of 1st period - Snap shot by Jujhar Khaira.
1:28 of 1st period - Shot Blocked by Logan O'Connor.
1:30 of 1st period - Wrist shot by Jujhar Khaira.
1:30 of 1st period - Shot Misses the Net.
1:31 of 1st period - Mathieu Olivier and Logan O'Connor fight to a draw.
1:31 of 1st period - Penalty to Mathieu Olivier for Fighting.
1:31 of 1st period - Penalty to Logan O'Connor for Fighting.
1:31 of 1st period - Penalty to Mathieu Olivier for instigated a fight.
1:31 of 1st period - Penalty to Mathieu Olivier for instigated and being the aggresor in a fight.
1:31 of 1st period - Mathieu Olivier is ejected from game.
1:32 of 1st period - Brendan Gallagher wins face-off versus Derick Brassard in Espoo Blues zone.
1:37 of 1st period - Wrist shot by Darren Helm.
1:37 of 1st period - Stopped by Spencer Knight with a rebound.
3:31 of 1st period - Penalty to Mathieu Olivier is over, Logan Brown is send on ice.
3:50 of 1st period - Slapshot by Jansen Harkins.
3:50 of 1st period - Stopped by Spencer Knight without a rebound.
3:51 of 1st period - Derick Brassard wins face-off versus Victor Rask in Espoo Blues zone.
4:11 of 1st period - Minor Penalty to Dysin Mayo for Tripping.
4:12 of 1st period - Derick Brassard wins face-off versus Brendan Gallagher in Long Beach Ice Dogs zone.
4:12 of 1st period - Snap shot by Stefan Noesen.
4:12 of 1st period - Stopped by Akira Schmid with a rebound.
4:14 of 1st period - Snap shot by Michael Stone.
4:14 of 1st period - Deflect By Brendan Gallagher.
4:14 of 1st period - Stopped by Akira Schmid with a rebound.
4:16 of 1st period - Snap shot by Derick Brassard.
4:16 of 1st period - Shot Blocked by Justin Schultz.
4:18 of 1st period - Wrist shot by Joe Snively.
4:18 of 1st period - Shot Misses the Net.
4:20 of 1st period - Snap shot by Michael Stone.
4:20 of 1st period - Stopped by Akira Schmid with a rebound.
4:22 of 1st period - Wrist shot by Michael Stone.
4:22 of 1st period - Shot Blocked by Darren Helm.
6:11 of 1st period - Penalty to Dysin Mayo is over, Dysin Mayo is back on ice.
6:32 of 1st period - Gavin Bayreuther is hit by William Lagesson and loses puck.
6:57 of 1st period - William Lagesson is hit by Logan O'Connor and loses puck.
8:31 of 1st period - Ridly Greig is hit by Riley Stillman and loses puck.
9:23 of 1st period - Icing by Dysin Mayo.
9:24 of 1st period - Fredrik Karlstrom wins face-off versus Jujhar Khaira in Long Beach Ice Dogs zone.
9:46 of 1st period - Wrist shot by Stefan Noesen.
9:46 of 1st period - Deflect By Viktor Lodin.
9:46 of 1st period - Shot Misses the Net.
9:46 of 1st period - Puck is out of play.
9:47 of 1st period - Brendan Lemieux wins face-off versus Victor Rask in Long Beach Ice Dogs zone.
9:52 of 1st period - Slapshot by Brendan Lemieux.
9:52 of 1st period - Stopped by Akira Schmid with a rebound.
9:54 of 1st period - Slapshot by Cam York.
9:54 of 1st period - Stopped by Akira Schmid with a rebound.
9:56 of 1st period - Snap shot by Chad Ruhwedel.
9:56 of 1st period - Stopped by Akira Schmid with a rebound.
9:58 of 1st period - Slapshot by Chad Ruhwedel.
9:58 of 1st period - Deflect By Stefan Noesen.
9:58 of 1st period - Shot Blocked by Riley Stillman.
9:58 of 1st period - Puck is out of play.
9:59 of 1st period - Derick Brassard wins face-off versus Gabriel Vilardi in Long Beach Ice Dogs zone.
10:00 of 1st period - Wrist shot by Joe Snively.
10:00 of 1st period - Shot Misses the Net.
10:02 of 1st period - Snap shot by Joe Snively.
10:02 of 1st period - Stopped by Akira Schmid with a rebound.
10:24 of 1st period - Mattias Samuelsson is hit by Zack Kassian and loses puck.
10:50 of 1st period - Minor Penalty to Fredrik Karlstrom for Slashing.
10:51 of 1st period - Gabriel Vilardi wins face-off versus Derek Grant in Espoo Blues zone.
12:39 of 1st period - Alex Galchenyuk is hit by Joe Snively and loses puck.
12:50 of 1st period - Penalty to Fredrik Karlstrom is over, Fredrik Karlstrom is back on ice.
13:02 of 1st period - Gavin Bayreuther is hit by Jujhar Khaira and loses puck.
13:17 of 1st period - Shane Bowers is hit by Stefan Noesen.
13:21 of 1st period - William Lagesson is hit by Urho Vaakanainen and loses puck.
13:22 of 1st period - William Lagesson from Long Beach Ice Dogs is injured at 13:22 of 1st period (Sprained Left Finger).
13:23 of 1st period - Derick Brassard wins face-off versus Gabriel Vilardi in Long Beach Ice Dogs zone.
14:01 of 1st period - Slapshot by Alex Galchenyuk.
14:01 of 1st period - Deflect By Victor Rask.
14:01 of 1st period - Shot Misses the Net.
14:01 of 1st period - Puck is out of play.
14:02 of 1st period - Derek Grant wins face-off versus Victor Rask in Espoo Blues zone.
14:11 of 1st period - Wrist shot by Alex Galchenyuk.
14:11 of 1st period - Shot Blocked by Chad Ruhwedel.
14:13 of 1st period - Snap shot by Zack Kassian.
14:13 of 1st period - Stopped by Spencer Knight without a rebound.
14:14 of 1st period - Gabriel Vilardi wins face-off versus Derick Brassard in Espoo Blues zone.
14:24 of 1st period - Snap shot by Brendan Gallagher.
14:24 of 1st period - Stopped by Spencer Knight without a rebound.
14:25 of 1st period - Brendan Gallagher wins face-off versus Derek Grant in Espoo Blues zone.
14:32 of 1st period - Snap shot by Stefan Noesen.
14:32 of 1st period - Stopped by Akira Schmid with a rebound.
15:13 of 1st period - Minor Penalty to Patric Hornqvist for Hooking.
15:14 of 1st period - Gabriel Vilardi wins face-off versus Derek Grant in Espoo Blues zone.
15:15 of 1st period - Snap shot by Brendan Gallagher.
15:15 of 1st period - Shot Misses the Net.
15:17 of 1st period - Slapshot by Justin Schultz.
15:17 of 1st period - Stopped by Spencer Knight with a rebound.
15:25 of 1st period - Snap shot by Gabriel Vilardi.
15:25 of 1st period - Stopped by Spencer Knight with a rebound.
15:39 of 1st period - Dysin Mayo is hit by Mattias Janmark and loses puck.
16:00 of 1st period - Brendan Gallagher is hit by Logan O'Connor and loses puck.
16:31 of 1st period - 10 Minutes Misconduct Penalty to Mathieu Olivier is over.
17:13 of 1st period - Penalty to Patric Hornqvist is over, Patric Hornqvist is back on ice.
17:25 of 1st period - Snap shot by Jujhar Khaira.
17:25 of 1st period - Stopped by Spencer Knight without a rebound.
17:26 of 1st period - Jujhar Khaira wins face-off versus Fredrik Karlstrom in Espoo Blues zone.
17:27 of 1st period - Backhand shot by Jansen Harkins.
17:27 of 1st period - Stopped by Spencer Knight with a rebound.
17:35 of 1st period - Slapshot by Fredrik Karlstrom.
17:35 of 1st period - Shot Blocked by Jansen Harkins.
17:37 of 1st period - Slapshot by Urho Vaakanainen.
17:37 of 1st period - Shot Blocked by Jansen Harkins.
17:39 of 1st period - Slapshot by Patric Hornqvist.
17:39 of 1st period - Stopped by Akira Schmid with a rebound.
17:51 of 1st period - Stefan Noesen is hit by Gabriel Vilardi and loses puck.
18:04 of 1st period - Snap shot by Stefan Noesen.
18:04 of 1st period - Stopped by Akira Schmid without a rebound.
18:05 of 1st period - Logan Brown wins face-off versus Logan O'Connor in Long Beach Ice Dogs zone.
18:28 of 1st period - Derek Grant is hit by Dysin Mayo.
18:52 of 1st period - Snap shot by Patric Hornqvist.
18:52 of 1st period - Shot Misses the Net.
18:54 of 1st period - Snap shot by Fredrik Karlstrom.
18:54 of 1st period - Shot Blocked by Alex Galchenyuk.
19:00 of 1st period - Snap shot by Patric Hornqvist.
19:00 of 1st period - Goal by Patric Hornqvist - Espoo Blues : 1 - Long Beach Ice Dogs : 0.
19:01 of 1st period - Derek Grant wins face-off versus Gabriel Vilardi in neutral zone.
19:26 of 1st period - Cam York is hit by Victor Rask.
19:46 of 1st period - Jansen Harkins is hit by Anton Blidh and loses puck.
Goals for this period are 1 for Espoo Blues vs 0 for Long Beach Ice Dogs.
Shots for this period are 12 for Espoo Blues vs 9 for Long Beach Ice Dogs.
2nd period
0:01 of 2nd period - Stefan Noesen wins face-off versus Gabriel Vilardi in neutral zone.
0:26 of 2nd period - Wrist shot by Patric Hornqvist.
0:26 of 2nd period - Shot Misses the Net.
0:28 of 2nd period - Slapshot by Mattias Samuelsson.
0:28 of 2nd period - Shot Misses the Net.
0:30 of 2nd period - Snap shot by Michael Stone.
0:30 of 2nd period - Shot Blocked by Gabriel Vilardi.
0:32 of 2nd period - Snap shot by Anton Blidh.
0:32 of 2nd period - Stopped by Akira Schmid with a rebound.
0:34 of 2nd period - Snap shot by Anton Blidh.
0:34 of 2nd period - Espoo Blues goal is going for a video replay.
0:34 of 2nd period - The goal is refused. The puck has been kicked using a distinct kicking motion..
0:35 of 2nd period - Derick Brassard wins face-off versus Victor Rask in Long Beach Ice Dogs zone.
0:40 of 2nd period - Slapshot by Logan O'Connor.
0:40 of 2nd period - Stopped by Akira Schmid with a rebound.
0:48 of 2nd period - Wrist shot by Derick Brassard.
0:48 of 2nd period - Shot Misses the Net.
0:50 of 2nd period - Backhand shot by Logan O'Connor.
0:50 of 2nd period - Shot Misses the Net.
0:56 of 2nd period - Minor Penalty to Zack Kassian for Roughing.
0:57 of 2nd period - Gabriel Vilardi wins face-off versus Derick Brassard in Long Beach Ice Dogs zone.
0:57 of 2nd period - Gabriel Vilardi is hit by Stefan Noesen.
1:07 of 2nd period - Snap shot by Darren Helm.
1:07 of 2nd period - Stopped by Spencer Knight without a rebound.
1:08 of 2nd period - Brendan Gallagher wins face-off versus Derick Brassard in Espoo Blues zone.
1:09 of 2nd period - Slapshot by Darren Helm.
1:09 of 2nd period - Shot Misses the Net.
1:37 of 2nd period - Snap shot by Brendan Lemieux.
1:37 of 2nd period - Stopped by Akira Schmid without a rebound.
1:38 of 2nd period - Derick Brassard wins face-off versus Gabriel Vilardi in Long Beach Ice Dogs zone.
1:39 of 2nd period - Snap shot by Stefan Noesen.
1:39 of 2nd period - Stopped by Akira Schmid with a rebound.
1:41 of 2nd period - Wrist shot by Derick Brassard.
1:41 of 2nd period - Stopped by Akira Schmid with a rebound.
1:43 of 2nd period - Slapshot by Cam York.
1:43 of 2nd period - Shot Misses the Net.
1:45 of 2nd period - Wrist shot by Stefan Noesen.
1:45 of 2nd period - Goal by Stefan Noesen - Espoo Blues : 2 - Long Beach Ice Dogs : 0.
1:46 of 2nd period - Gabriel Vilardi wins face-off versus Derek Grant in neutral zone.
1:57 of 2nd period - Wrist shot by Brendan Lemieux.
1:57 of 2nd period - Goal by Brendan Lemieux - Espoo Blues : 3 - Long Beach Ice Dogs : 0.
1:58 of 2nd period - Derick Brassard wins face-off versus Victor Rask in neutral zone.
2:03 of 2nd period - Wrist shot by Derick Brassard.
2:03 of 2nd period - Shot Misses the Net.
2:05 of 2nd period - Slapshot by Joe Snively.
2:05 of 2nd period - Stopped by Akira Schmid without a rebound.
2:06 of 2nd period - Victor Rask wins face-off versus Joe Snively in Long Beach Ice Dogs zone.
2:39 of 2nd period - Slapshot by Janis Moser.
2:39 of 2nd period - Stopped by Spencer Knight without a rebound.
2:40 of 2nd period - Derek Grant wins face-off versus Gabriel Vilardi in Espoo Blues zone.
2:49 of 2nd period - Wrist shot by Darren Helm.
2:49 of 2nd period - Stopped by Spencer Knight with a rebound.
2:51 of 2nd period - Wrist shot by Gabriel Vilardi.
2:51 of 2nd period - Stopped by Spencer Knight with a rebound.
3:07 of 2nd period - Cam York is hit by Zack Kassian and loses puck.
3:24 of 2nd period - Minor Penalty to Riley Stillman for Holding.
3:25 of 2nd period - Derick Brassard wins face-off versus Gabriel Vilardi in Long Beach Ice Dogs zone.
3:26 of 2nd period - Snap shot by Stefan Noesen.
3:26 of 2nd period - Shot Blocked by Victor Rask.
3:28 of 2nd period - Wrist shot by Joe Snively.
3:28 of 2nd period - Shot Misses the Net.
4:22 of 2nd period - Slapshot by Brendan Lemieux.
4:22 of 2nd period - Shot Blocked by Justin Schultz.
4:24 of 2nd period - Snap shot by Patric Hornqvist.
4:24 of 2nd period - Stopped by Akira Schmid without a rebound.
4:25 of 2nd period - Derick Brassard wins face-off versus Brendan Gallagher in Long Beach Ice Dogs zone.
5:24 of 2nd period - Penalty to Riley Stillman is over, Riley Stillman is back on ice.
5:34 of 2nd period - Ridly Greig is hit by Jujhar Khaira and loses puck.
5:54 of 2nd period - Patric Hornqvist is hit by Zack Kassian and loses puck.
6:07 of 2nd period - Wrist shot by Logan Brown.
6:07 of 2nd period - Stopped by Spencer Knight with a rebound.
6:09 of 2nd period - Snap shot by Shane Bowers.
6:09 of 2nd period - Shot Misses the Net.
6:11 of 2nd period - Slapshot by Logan Brown.
6:11 of 2nd period - Shot Blocked by Patric Hornqvist.
6:32 of 2nd period - Gavin Bayreuther is hit by Justin Schultz and loses puck.
7:20 of 2nd period - Slapshot by Brendan Gallagher.
7:20 of 2nd period - Stopped by Spencer Knight with a rebound.
7:53 of 2nd period - Chad Ruhwedel is hit by Gabriel Vilardi and loses puck.
8:27 of 2nd period - Cam York is hit by Alex Galchenyuk and loses puck.
8:37 of 2nd period - Icing by Joe Snively.
8:38 of 2nd period - Logan Brown wins face-off versus Derek Grant in Espoo Blues zone.
8:56 of 2nd period - Slapshot by Michael Stone.
8:56 of 2nd period - Stopped by Akira Schmid with a rebound.
9:11 of 2nd period - Michael Stone is hit by Alex Galchenyuk and loses puck.
9:28 of 2nd period - Snap shot by Logan O'Connor.
9:28 of 2nd period - Stopped by Akira Schmid with a rebound.
9:43 of 2nd period - Snap shot by Gabriel Vilardi.
9:43 of 2nd period - Stopped by Spencer Knight without a rebound.
9:44 of 2nd period - Gabriel Vilardi wins face-off versus Fredrik Karlstrom in Espoo Blues zone.
9:52 of 2nd period - Off-side.
9:53 of 2nd period - Alex Galchenyuk wins face-off versus Fredrik Karlstrom in neutral zone.
10:08 of 2nd period - Icing by Alex Galchenyuk.
10:09 of 2nd period - Derek Grant wins face-off versus Victor Rask in Long Beach Ice Dogs zone.
10:10 of 2nd period - Slapshot by Stefan Noesen.
10:10 of 2nd period - Shot Blocked by Justin Schultz.
10:12 of 2nd period - Slapshot by Brendan Lemieux.
10:12 of 2nd period - Stopped by Akira Schmid with a rebound.
10:14 of 2nd period - Snap shot by Brendan Lemieux.
10:14 of 2nd period - Goal by Brendan Lemieux - Espoo Blues : 4 - Long Beach Ice Dogs : 0.
10:15 of 2nd period - Gabriel Vilardi wins face-off versus Derick Brassard in neutral zone.
10:42 of 2nd period - Derek Grant is hit by Alex Galchenyuk and loses puck.
11:05 of 2nd period - Slapshot by Logan Brown.
11:05 of 2nd period - Stopped by Spencer Knight with a rebound.
11:11 of 2nd period - Dysin Mayo is hit by Derek Grant and loses puck.
11:38 of 2nd period - Olli Juolevi is hit by Brendan Lemieux and loses puck.
11:59 of 2nd period - Slapshot by Derick Brassard.
11:59 of 2nd period - Stopped by Akira Schmid with a rebound.
12:01 of 2nd period - Slapshot by Mattias Samuelsson.
12:01 of 2nd period - Deflect By Joe Snively.
12:01 of 2nd period - Goal by Joe Snively - Espoo Blues : 5 - Long Beach Ice Dogs : 0.
12:02 of 2nd period - Derick Brassard wins face-off versus Gabriel Vilardi in neutral zone.
12:07 of 2nd period - Snap shot by Logan O'Connor.
12:07 of 2nd period - Stopped by Akira Schmid with a rebound.
12:09 of 2nd period - Backhand shot by Derick Brassard.
12:09 of 2nd period - Stopped by Akira Schmid without a rebound.
12:10 of 2nd period - Gabriel Vilardi wins face-off versus Derick Brassard in Long Beach Ice Dogs zone.
12:23 of 2nd period - Slapshot by Mattias Samuelsson.
12:23 of 2nd period - Stopped by Akira Schmid without a rebound.
12:24 of 2nd period - Derick Brassard wins face-off versus Victor Rask in Long Beach Ice Dogs zone.
12:27 of 2nd period - Slapshot by Logan O'Connor.
12:27 of 2nd period - Shot Blocked by Riley Stillman.
13:06 of 2nd period - Stefan Noesen is hit by Riley Stillman.
13:13 of 2nd period - Icing by Brendan Lemieux.
13:14 of 2nd period - Jujhar Khaira wins face-off versus Derek Grant in Espoo Blues zone.
13:16 of 2nd period - Brendan Lemieux beats up Zack Kassian.
13:16 of 2nd period - Penalty to Zack Kassian for Fighting.
13:16 of 2nd period - Penalty to Brendan Lemieux for Fighting.
13:16 of 2nd period - Penalty to Brendan Lemieux for instigated a fight.
13:16 of 2nd period - Penalty to Brendan Lemieux for instigated a fight.
13:17 of 2nd period - Derek Grant wins face-off versus Gabriel Vilardi in Espoo Blues zone.
13:17 of 2nd period - Derek Grant is hit by Dysin Mayo.
15:16 of 2nd period - Penalty to Brendan Lemieux is over, Logan O'Connor is send on ice.
15:29 of 2nd period - Logan O'Connor is hit by Shane Bowers and loses puck.
15:35 of 2nd period - Off-side.
15:36 of 2nd period - Derek Grant wins face-off versus Jujhar Khaira in neutral zone.
16:01 of 2nd period - Wrist shot by Stefan Noesen.
16:01 of 2nd period - Shot Misses the Net.
16:03 of 2nd period - Slapshot by Gavin Bayreuther.
16:03 of 2nd period - Stopped by Akira Schmid with a rebound.
17:12 of 2nd period - Michael Stone is hit by Riley Stillman.
17:51 of 2nd period - Jujhar Khaira is hit by Anton Blidh and loses puck.
18:06 of 2nd period - Backhand shot by Derick Brassard.
18:06 of 2nd period - Stopped by Akira Schmid without a rebound.
18:07 of 2nd period - Trey Fix-Wolansky wins face-off versus Viktor Lodin in Long Beach Ice Dogs zone.
18:52 of 2nd period - Wrist shot by Derek Grant.
18:52 of 2nd period - Stopped by Akira Schmid with a rebound.
18:58 of 2nd period - Minor Penalty to Zack Kassian for Hooking.
18:59 of 2nd period - Derick Brassard wins face-off versus Darren Helm in Long Beach Ice Dogs zone.
Goals for this period are 4 for Espoo Blues vs 0 for Long Beach Ice Dogs.
Shots for this period are 22 for Espoo Blues vs 8 for Long Beach Ice Dogs.
3rd period
0:01 of 3rd period - Gabriel Vilardi wins face-off versus Derick Brassard in neutral zone.
0:10 of 3rd period - Slapshot by Mattias Samuelsson.
0:10 of 3rd period - Stopped by Akira Schmid without a rebound.
0:11 of 3rd period - Derick Brassard wins face-off versus Brendan Gallagher in Long Beach Ice Dogs zone.
0:36 of 3rd period - Patric Hornqvist is hit by Justin Schultz and loses puck.
0:41 of 3rd period - Snap shot by Brendan Gallagher.
0:41 of 3rd period - Shot Misses the Net.
0:45 of 3rd period - Snap shot by Darren Helm.
0:45 of 3rd period - Stopped by Spencer Knight with a rebound.
0:47 of 3rd period - Wrist shot by Brendan Gallagher.
0:47 of 3rd period - Shot Misses the Net.
0:58 of 3rd period - Penalty to Zack Kassian is over, Zack Kassian is back on ice.
3:17 of 3rd period - Mattias Samuelsson is hit by Dysin Mayo and loses puck.
3:25 of 3rd period - Minor Penalty to Michael Stone for Tripping.
3:26 of 3rd period - Derek Grant wins face-off versus Gabriel Vilardi in Espoo Blues zone.
5:25 of 3rd period - Penalty to Michael Stone is over, Michael Stone is back on ice.
5:40 of 3rd period - Joe Snively is hit by Janis Moser and loses puck.
5:47 of 3rd period - Cam York is hit by Trey Fix-Wolansky and loses puck.
5:54 of 3rd period - Shane Bowers is hit by Fredrik Karlstrom.
5:58 of 3rd period - Logan Brown is hit by Joe Snively and loses puck.
6:19 of 3rd period - Janis Moser is hit by Michael Stone and loses puck.
6:36 of 3rd period - Janis Moser is hit by Fredrik Karlstrom and loses puck.
6:51 of 3rd period - Wrist shot by Trey Fix-Wolansky.
6:51 of 3rd period - Stopped by Spencer Knight with a rebound.
6:57 of 3rd period - Janis Moser is hit by Chad Ruhwedel and loses puck.
7:14 of 3rd period - Snap shot by Michael Stone.
7:14 of 3rd period - Shot Misses the Net.
7:16 of 3rd period - Slapshot by Urho Vaakanainen.
7:16 of 3rd period - Shot Blocked by Olli Juolevi.
7:18 of 3rd period - Wrist shot by Joe Snively.
7:18 of 3rd period - Shot Misses the Net.
7:34 of 3rd period - Wrist shot by Logan Brown.
7:34 of 3rd period - Shot Blocked by Chad Ruhwedel.
7:44 of 3rd period - Trey Fix-Wolansky is hit by Michael Stone and loses puck.
7:51 of 3rd period - Urho Vaakanainen is hit by Dysin Mayo and loses puck.
7:56 of 3rd period - Snap shot by Trey Fix-Wolansky.
7:56 of 3rd period - Shot Misses the Net.
8:02 of 3rd period - Wrist shot by Logan Brown.
8:02 of 3rd period - Shot Misses the Net.
8:04 of 3rd period - Snap shot by Dysin Mayo.
8:04 of 3rd period - Stopped by Spencer Knight without a rebound.
8:05 of 3rd period - Gabriel Vilardi wins face-off versus Derick Brassard in Espoo Blues zone.
8:16 of 3rd period - 10 Minutes Misconduct Penalty to Brendan Lemieux is over.
8:32 of 3rd period - Victor Rask is hit by Ridly Greig and loses puck.
8:52 of 3rd period - Minor Penalty to Brendan Lemieux for Hooking.
8:53 of 3rd period - Derek Grant wins face-off versus Gabriel Vilardi in Espoo Blues zone.
9:03 of 3rd period - Off-side.
9:04 of 3rd period - Gabriel Vilardi wins face-off versus Derek Grant in neutral zone.
9:09 of 3rd period - Snap shot by Derek Grant.
9:09 of 3rd period - Stopped by Akira Schmid with a rebound.
9:15 of 3rd period - Slapshot by Dysin Mayo.
9:15 of 3rd period - Shot Misses the Net.
9:17 of 3rd period - Wrist shot by Darren Helm.
9:17 of 3rd period - Deflect By Brendan Gallagher.
9:17 of 3rd period - Shot Misses the Net.
9:17 of 3rd period - Puck is out of play.
9:18 of 3rd period - Victor Rask wins face-off versus Logan O'Connor in Espoo Blues zone.
10:52 of 3rd period - Penalty to Brendan Lemieux is over, Brendan Lemieux is back on ice.
11:47 of 3rd period - Cam York is hit by Logan Brown and loses puck.
12:15 of 3rd period - Jansen Harkins is hit by Stefan Noesen.
14:50 of 3rd period - Justin Schultz is hit by Stefan Noesen and loses puck.
15:07 of 3rd period - Joe Snively is hit by Jujhar Khaira and loses puck.
15:46 of 3rd period - Olli Juolevi is hit by Joe Snively and loses puck.
17:09 of 3rd period - Justin Schultz is hit by Fredrik Karlstrom.
18:38 of 3rd period - Zack Kassian is hit by Patric Hornqvist and loses puck.
19:08 of 3rd period - Darren Helm is hit by Derek Grant and loses puck.
19:21 of 3rd period - Jujhar Khaira is hit by Stefan Noesen and loses puck.
19:46 of 3rd period - Shane Bowers is hit by Brendan Lemieux and loses puck.
Goals for this period are 0 for Espoo Blues vs 0 for Long Beach Ice Dogs.
Shots for this period are 2 for Espoo Blues vs 3 for Long Beach Ice Dogs.
Back to the Top